 Dungeon Crawl Stone Soup version 0.27-a0-1066-g29160eaed2 (webtiles) character file.

Game seed: 18443003728257462600

4890 LordDeathwing the Cleaver (level 10, 0/88 HPs)
             Began as a Hill Orc Fighter on Apr 23, 2021.
             Was an Initiate of Makhleb.
             Slain by a boulder beetle (15 damage)
             ... on level 9 of the Dungeon on Apr 24, 2021.
             The game lasted 00:44:53 (9445 turns).

LordDeathwing the Cleaver (Hill Orc Fighter)        Turns: 9445, Time: 00:44:54

Health: 0/88       AC: 16    Str: 32    XL:     10   Next: 51%
Magic:  10/10      EV:  7    Int:  8    God:    Makhleb [......]
Gold:   401        SH: 12    Dex: 10    Spells: 9/9 levels left

rFire    + . .     SeeInvis .   D - +4 mace of the Ten Beggars {freeze, rF+ rN++ Stlth-}
rCold    . . .     Faith    .   c - +0 kite shield
rNeg     + + +     Spirit   .   G - +2 chain mail {rN+}
rPois    .         Reflect  .   r - +0 hat
rElec    .         Harm     .   (no cloak)
rCorr    .         Rampage  .   k - +1 pair of gloves {Str+3}
Will     .....                  (no boots)
Stlth    ..........             (no amulet)
HPRegen  1.24/turn              e - +6 ring of strength
MPRegen  0.12/turn              b - ring of positive energy

@: no status effects
A: camouflage 1, regeneration 1, wild magic 1
a: Renounce Religion


You were on level 9 of the Dungeon.
You worshipped Makhleb.
Makhleb was noncommittal.
You visited 2 branches of the dungeon, and saw 10 of its levels.

You collected 401 gold pieces.

Inventory:

Hand Weapons
 a - a +0 war axe of flaming
 h - a +0 hunting sling
 D - the +4 mace of the Ten Beggars (weapon) {freeze, rF+ rN++ Stlth-}
   (You found it on level 6 of the Dungeon)

   It has been specially enchanted to freeze those struck by it, causing extra
   injury to most foes and up to half again as much damage against particularly
   susceptible opponents.
   It can also slow down cold-blooded creatures.
   It protects you from fire.
   It greatly protects you from negative energy.
   It makes you less stealthy.
Missiles
 m - 4 silver javelins
 s - 45 poisoned darts (quivered)
 v - 74 sling bullets
Armour
 c - a +0 kite shield (worn)
 k - a +1 pair of gloves of strength (worn)
 r - a +0 hat (worn)
 G - a +2 chain mail of positive energy (worn)
Jewellery
 b - a ring of positive energy (right hand)
 e - a +6 ring of strength (left hand)
 i - a ring of wizardry
 o - a ring of fire
Wands
 p - a wand of mindburst (10)
 t - a wand of iceblast (2)
 w - a wand of paralysis (6)
 y - a wand of charming (7)
 B - a wand of digging (3)
 E - a wand of flame (7)
Scrolls
 f - 7 scrolls of identify
 j - a scroll of summoning {unknown}
 l - a scroll of fear {unknown}
 n - 7 scrolls of teleportation
 q - a scroll of blinking
 u - a scroll of magic mapping
 F - 2 scrolls of fog
Potions
 d - a potion of might
 g - a potion of flight
 x - a potion of brilliance
 z - a potion of haste
 A - 2 potions of curing


   Skills:
 + Level 8.2 Fighting
 + Level 10.9(11.3) Axes
 * Level 4.3(7.3) Maces & Flails
 * Level 9.8 Armour
 + Level 7.4 Shields
 + Level 0.0 Invocations


You had 9 spell levels left.
You didn't know any spells.
Your spell library contained the following spells:

 Spells                   Type           Power      Damage    Failure   Level
 Animate Skeleton         Necr           0%         N/A       99%         1
 Beastly Appendage        Tmut           0%         N/A       99%         1
 Magic Dart               Conj           0%         1d3       99%         1
 Pain                     Necr           0%         1d4       99%         1
 Summon Small Mammal      Summ           0%         N/A       99%         1
 Blink                    Tloc           N/A        N/A       100%        2
 Call Imp                 Summ           0%         N/A       100%        2
 Slow                     Hex            0%         N/A       100%        2
 Wereblood                Tmut           0%         N/A       100%        2
 Call Canine Familiar     Summ           0%         N/A       100%        3
 Conjure Flame            Conj/Fire      0%         6-21      100%        3
 Mephitic Cloud           Conj/Pois/Air  0%         N/A       100%        3
 Spider Form              Tmut/Pois      0%         N/A       100%        3
 Summon Guardian Golem    Hex/Summ       0%         N/A       100%        3
 Vampiric Draining        Necr           0%         2d6       100%        3
 Animate Dead             Necr           0%         N/A       100%        4
 Ice Form                 Ice/Tmut       0%         N/A       100%        4
 Summon Ice Beast         Ice/Summ       0%         N/A       100%        4
 Summon Lightning Spire   Summ/Air       0%         N/A       100%        4
 Agony                    Necr           0%         N/A       100%        5
 Hydra Form               Tmut           0%         N/A       100%        5


Dungeon Overview and Level Annotations

Branches:
Dungeon (9/15)             Temple (1/1) D:7
   Lair: D:8-11         Orc: D:9-12

Altars:
Ashenzari
Cheibriados
Dithmenos
Elyvilon
Fedhas
Gozag
Hepliaklqana
Kikubaaqudgha
Makhleb
Nemelex Xobeh
Okawaru
Qazlal
Ru
Sif Muna
Trog
Uskayaw
Vehumet
Wu Jian
Xom
Yredelemnul
Zin
The Shining One

Shops:
D:7 (


Innate Abilities, Weirdness & Mutations

Your skin changes colour to match your surroundings (Stealth+).
Your natural rate of healing is unusually fast.
Your spells are a little harder to cast, but a little more powerful.


Message History

A boulder beetle is nearby!
You block the boulder beetle's attack.
You hit the boulder beetle but do no damage.
The boulder beetle is lightly wounded.
The boulder beetle bites you!!
You hit the boulder beetle but do no damage.
The boulder beetle is lightly wounded.
The boulder beetle leaps!
The boulder beetle curls into a ball and begins rolling!
You hit the boulder beetle. You freeze the boulder beetle.
The boulder beetle is moderately wounded.
The boulder beetle hits you!
The boulder beetle stops rolling and uncurls.
The boulder beetle bites you but does no damage.
You sock the boulder beetle! You freeze the boulder beetle.
The boulder beetle is heavily wounded.
You block the boulder beetle's attack.
You hit the boulder beetle but do no damage.
The boulder beetle is heavily wounded.
You block the boulder beetle's attack.
You hit the boulder beetle but do no damage.
The boulder beetle is heavily wounded.
You block the boulder beetle's attack.
You sock the boulder beetle! You freeze the boulder beetle.
The boulder beetle is heavily wounded.
The boulder beetle bites you!! You block the boulder beetle's attack.
You hit the boulder beetle but do no damage.
The boulder beetle is heavily wounded.
The boulder beetle bites you!
You hit the boulder beetle. You freeze the boulder beetle.
The boulder beetle is heavily wounded.
The boulder beetle bites you! The boulder beetle bites you.
The boulder beetle curls into a ball and begins rolling!
The boulder beetle hits you!!
* * * LOW HITPOINT WARNING * * *
The boulder beetle stops rolling and uncurls.
You feel better. The boulder beetle bites you!
You die...
Xom cackles wildly!

#..........
#...........
#...........
#..........
#..........
#.......# #.......#
#..<....# #...@...#
#...B...# #.......#
#.......# +.......#
#######.......######
#...........[.......
+...........[.......
#......######(......


You could see a boulder beetle.

Vanquished Creatures
  A hydra (D:7)
  Pikel (D:5)
  A deep elf pyromancer (D:6)
  Grinder (D:3)
  A water moccasin (D:8)
  Duvessa (D:5)
  2 orc warriors
  An ice beast (D:7)
  A necrophage (D:8)
  2 black bears
  5 ogres
  A centaur (D:9)
  Blork the orc (D:5)
  2 kobold brigands
  3 bullfrogs
  A scorpion (D:5)
  Dowan (D:5)
  3 wights (D:7)
  A centaur zombie (D:7)
  2 centaur skeletons (D:7)
  An orc priest (D:8)
  3 hounds
  A gnoll shaman (D:6)
  Crazy Yiuf (D:6)
  A bullfrog skeleton (D:5)
  Ijyb (D:3)
  Natasha (twice) (D:2)
  Terence (D:2)
  7 iguanas
  9 orc wizards
  2 killer bee zombies
  A howler monkey zombie (D:8)
  12 gnolls
  8 adders
  A shadow imp (D:7)
  3 white imps
  2 worms (D:2)
  2 dart slugs
  27 orcs
  5 ball pythons
  2 endoplasms
  A giant cockroach (D:1)
  3 goblins
  7 hobgoblins
  5 jackals (D:2)
  13 kobolds
  3 quokkas
  5 bats
  7 frilled lizards
  10 rats
178 creatures vanquished.

Vanquished Creatures (others)
  A killer bee (D:5)
  2 orc wizards
3 creatures vanquished.

Grand Total: 181 creatures vanquished

Notes
Turn   | Place    | Note
-------+----------+-------------------------------------------
     0 | D:1      | LordDeathwing the Hill Orc Fighter began the quest for the
                  | Orb.
     0 | D:1      | Reached XP level 1. HP: 19/19 MP: 1/1
   108 | D:1      | Found a faded altar of an unknown god.
   113 | D:1      | Became a worshipper of Xom of Chaos
   124 | D:1      | XOM: divination: detect creatures
   134 | D:1      | Reached skill level 3 in Axes
   136 | D:1      | Reached XP level 2. HP: 26/27 MP: 2/2
   353 | D:1      | XOM: noise
   650 | D:1      | Reached XP level 3. HP: 33/33 MP: 3/3
   860 | D:2      | Noticed Natasha
   861 | D:2      | XOM: noise
   870 | D:2      | Killed Natasha
   871 | D:2      | Reached skill level 4 in Axes
   871 | D:2      | Reached XP level 4. HP: 3/40 MP: 4/4
   886 | D:2      | XOM: silly message
   918 | D:2      | XOM: 3-stop teleportation journey
  1058 | D:2      | Noticed Terence
  1072 | D:2      | XOM: enchant monster (good)
  1092 | D:2      | Killed Terence
  1227 | D:2      | Noticed Natasha
  1294 | D:2      | Killed Natasha
  1295 | D:2      | Reached XP level 5. HP: 47/47 MP: 5/5
  1452 | D:2      | Reached skill level 5 in Axes
  1559 | D:2      | XOM: god gift: +1 pair of gloves of strength
  1963 | D:3      | Noticed Grinder
  1964 | D:3      | Paralysed by Grinder for 4 turns
  1972 | D:3      | Paralysed by Grinder for 4 turns
  1979 | D:3      | Killed Grinder
  1980 | D:3      | Reached skill level 5 in Fighting
  1980 | D:3      | Reached skill level 6 in Axes
  1980 | D:3      | Reached skill level 5 in Armour
  1980 | D:3      | Reached XP level 6. HP: 46/56 MP: 6/6
  2025 | D:3      | XOM: 7-stop teleportation journey
  2199 | D:3      | Noticed Ijyb
  2199 | D:3      | XOM: butterfly on damage
  2209 | D:3      | XOM: swap monsters
  2215 | D:3      | Killed Ijyb
  2216 | D:3      | Reached XP level 7. HP: 30/61 MP: 7/7
  2326 | D:3      | XOM: 2-stop teleportation journey
  2337 | D:3      | XOM: god gift: 4 silver javelins
  2355 | D:3      | XOM: god gift: chain mail {god gift}
  2747 | D:3      | XOM: summons 4 hostile demons
  2898 | D:3      | XOM: give mutation
  2898 | D:3      | Gained mutation: Your skin changes colour to match your
                  | surroundings (Stealth+). [Xom's grace]
  3489 | D:4      | Reached skill level 5 in Shields
  3858 | D:5      | Entered Level 5 of the Dungeon
  3858 | D:5      | Noticed Duvessa
  3861 | D:5      | Noticed Dowan
  3862 | D:5      | Reached skill level 7 in Axes
  3881 | D:5      | XOM: smoke on damage
  3884 | D:5      | Killed Duvessa
  3892 | D:5      | Killed Dowan
  3893 | D:5      | Reached XP level 8. HP: 38/70 MP: 8/8
  4055 | D:5      | XOM: summons 5 hostile demons
  4298 | D:5      | XOM: scenery: 1 doors close
  4367 | D:5      | XOM: polymorph something unseen -> killer bee
  4377 | D:5      | XOM: divine lightning
  4378 | D:5      | Reached skill level 8 in Axes
  4381 | D:5      | XOM: 4-stop teleportation journey
  4618 | D:5      | Noticed Pikel
  4622 | D:5      | XOM: confusion
  4637 | D:5      | XOM: blink monster(s)
  4639 | D:5      | XOM: cleaving
  4644 | D:5      | XOM: confuse monster(s)
  4654 | D:5      | XOM: enchant monster (good)
  4672 | D:5      | XOM: cast spell 'Monstrous Menagerie'
  4686 | D:5      | Killed Pikel
  4793 | D:5      | Reached skill level 9 in Axes
  4793 | D:5      | Reached XP level 9. HP: 69/78 MP: 9/9
  4856 | D:5      | XOM: smoke on damage
  5188 | D:5      | Noticed Blork the orc
  5199 | D:5      | Killed Blork the orc
  5647 | D:6      | Noticed a deep elf pyromancer
  5662 | D:6      | XOM: scenery: 2 doors open
  5666 | D:6      | XOM: cleaving
  5668 | D:6      | HP: 2/79 [fire elemental[a deep elf pyromancer] (11)]
  5964 | D:5      | XOM: 1-stop teleportation journey
  6010 | D:6      | XOM: cleaving
  6018 | D:6      | Killed a deep elf pyromancer
  6019 | D:6      | Reached skill level 10 in Axes
  6165 | D:6      | Found a runed translucent door.
  6165 | D:6      | Identified the +7 mace of Cuoxaolae {flame, *Noise Int+3
                  | Dex+6}
  6167 | D:6      | Noticed Crazy Yiuf
  6175 | D:6      | Killed Crazy Yiuf
  6179 | D:6      | Identified the +4 mace of the Ten Beggars {freeze, rF+ rN++
                  | Stlth-}
  6226 | D:6      | XOM: 3-stop teleportation journey
  6598 | D:6      | XOM is BORED!
  6598 | D:6      | XOM: torment (53/79 hp)
  6610 | D:6      | XOM: give mutation
  6610 | D:6      | Gained mutation: Your body sometimes deteriorates upon
                  | taking damage. [Xom's mischief]
  6685 | D:6      | XOM: give mutations
  6685 | D:6      | Gained mutation: Your spells are a little harder to cast,
                  | but a little more powerful. [Xom's mischief]
  6685 | D:6      | Lost mutation: Your body sometimes deteriorates upon taking
                  | damage. [Xom's mischief]
  6685 | D:6      | Gained mutation: Your natural rate of healing is unusually
                  | fast. [Xom's mischief]
  6786 | D:6      | XOM: god gift: scroll of teleportation
  7000 | D:6      | XOM: torment (53/79 hp)
  7157 | D:7      | Reached skill level 1 in Maces & Flails
  7163 | D:7      | XOM: noise
  7266 | D:7      | XOM: 2-stop teleportation journey
  7280 | D:7      | Found Lymouhea's Weapon Shop.
  7379 | D:7      | XOM: summons 9 friendly demons
  7391 | D:7      | Reached XP level 10. HP: 88/88 MP: 10/10
  7466 | D:7      | XOM: fog
  7493 | D:7      | Found a staircase to the Ecumenical Temple.
  7537 | D:7      | XOM: chaos cloud
  7541 | D:7      | XOM: cloud trail
  7801 | D:7      | XOM: cast spell 'Cause Fear'
  7848 | D:7      | Noticed a four-headed hydra
  7859 | D:7      | Killed a four-headed hydra
  8048 | Temple   | Entered the Ecumenical Temple
  8118 | Temple   | XOM: divination: detect items
  8386 | Temple   | Fell from the grace of Xom
  8386 | Temple   | Became a worshipper of Makhleb the Destroyer
  8477 | D:8      | Found a hazy altar of Hepliaklqana.
  8684 | D:8      | XOM: stat loss: -1 Dex (9/10)
  9353 | D:9      | Noticed a boulder beetle
  9445 | D:9      | Slain by a boulder beetle

Illustrated notes

Levels and vault maps discovered:
D:1:      ncdulo_halloftheorcs, layout_loops_ring,
          shapermc_ecumenical_altar_notcrosses
D:2:      layout_basic, minmay_pentomino_q4, uniq_terence, uniq_natasha
D:3:      layout_basic, corner_web_ring, kennysheep_boxes, uniq_grinder,
          uniq_ijyb
D:4:      layout_loops_corners, minmay_strange_pillars
D:5:      cheibrodos_thug_alley, layout_basic, uniq_blork_the_orc, uniq_pikel,
          uniq_duvessa
D:6:      layout_basic, guppyfry_early_elven_hall, uniq_crazy_yiuf_cottage
D:7:      layout_loops_ring, minmay_temple_entry_nine_rooms, serial_shops,
          nicolae_shop_trees
D:8:      layout_cave_pods, kennysheep_little_box, dk_rats_in_the_wall
D:9:      layout_stronghold, minmay_diced_spiral
Temple:   compressed_dpeg_triangle_lava_temple

Skill      XL: |  1  2  3  4  5  6  7  8  9 10 |
---------------+-------------------------------+-----
Axes           | 3 4 6 7 9 10 | 10.9
Fighting       | 4 5 6 7 8 |  8.2
Armour         | 4 5 6 7 9 |  9.8
Shields        | 4 5 6 7 |  7.4
Maces & Flails | 2 4 |  4.3

Action                   |  1- 3 |  4- 6 |  7- 9 | 10-12 || total
-------------------------+-------+-------+-------+-------++-------
Melee: War axe           |    65 |   135 |   298 |       ||   498
       Mace              |       |       |    70 |   152 ||   222
Throw: Dart              |       |       |     4 |     4 ||     8
  Use: Potion            |       |     3 |     3 |     1 ||     7
       Scroll            |       |       |     9 |     3 ||    12
Armor: Scale mail        |    24 |    21 |       |       ||    45
       Plate armour      |       |    40 |   296 |    62 ||   398
       Chain mail        |       |       |       |    26 ||    26
Dodge: Dodged            |    17 |    38 |   125 |    33 ||   213
Block: Kite shield       |    45 |    87 |   269 |   107 ||   508

Table legend: (Time is in decaauts)
 A = Elapsed time spent in this place.
 B = Non-inter-level travel time spent in this place.
 C = Inter-level travel time spent in this place.
 D = Time resting spent in this place.
 E = Time spent auto-exploring this place.
 F = Levels seen in this place.
 G = Mean time per level.
                   A        B        C        D        E       F      G
               +--------+--------+--------+--------+--------+-----+--------+
         Total |   9724 |   9557 |    167 |   1055 |   6213 |  10 |  972.4 |
       Dungeon |   9370 |   9203 |    167 |   1055 |   5958 |   9 | 1041.1 |
        Temple |    353 |    353 |      0 |      0 |    255 |   1 |  353.0 |
               +--------+--------+--------+--------+--------+-----+--------+

Top non-repeatable levels by time:
     D:5: 1953 daAuts
     D:6: 1204 daAuts
     D:4: 1138 daAuts
     D:2: 1104 daAuts
     D:3: 1068 daAuts
     D:7: 976 daAuts
     D:8: 923 daAuts
     D:1: 890 daAuts
  Temple: 353 daAuts
     D:9: 110 daAuts
